 Dungeon Crawl Stone Soup version 0.28.0-43-g3370ac3207 (webtiles) character file.

Game seed: 15369526414086185175

767 zeram the Covered (level 7, -1/44 HPs)
             Began as a Gargoyle Fighter on Mar 6, 2022.
             Slain by an orc warrior
             ... wielding a +0 glaive
              (17 damage)
             ... on level 4 of the Dungeon.
             The game lasted 00:05:29 (4092 turns).

zeram the Covered (Gargoyle Fighter)                Turns: 4092, Time: 00:05:30

Health: -1/44      AC: 19    Str: 22    XL:     7   Next: 82%
Magic:  7/7        EV:  6    Int:  8    God:
Gold:   171        SH:  4    Dex:  9    Spells: 6/6 levels left

rFire   . . .      SeeInvis .   b - +0 whip (elec)
rCold   . . .      Faith    .   c - +0 buckler
rNeg    + . .      Spirit   .   f - +1 plate armour
rPois   ∞          Reflect  .   (no helmet)
rElec   +          Harm     .   l - +0 cloak
rCorr   .          Rampage  .   (no gloves)
Will    .....                   (no boots)
Stlth   ..........              (no amulet)
HPRegen 0.14/turn               (no ring)
MPRegen 0.10/turn               (no ring)

@: no status effects
A: sickness immunity, AC +4, negative energy resistance 1, electricity
resistance, torment resistance 1, petrification resistance
a: no special abilities


You were on level 4 of the Dungeon.
You visited 1 branch of the dungeon, and saw 5 of its levels.

You collected 171 gold pieces.

Inventory:

Hand Weapons
 a - a +1 flail
 b - a +0 whip of electrocution (weapon)
 j - a +0 dagger of venom
Missiles
 n - a throwing net (quivered)
Armour
 c - a +0 buckler (worn)
 f - a +1 plate armour (worn)
 l - a +0 cloak (worn)
Scrolls
 e - 2 scrolls of teleportation
Potions
 d - a potion of curing {unknown}
 h - a potion of resistance {unknown}
 k - a potion of ambrosia {unknown}
 m - a potion of lignification {unknown}


   Skills:
 + Level 5.0 Fighting
 + Level 5.6 Maces & Flails
 + Level 6.0 Armour
 + Level 0.9 Dodging
 + Level 4.3 Shields


You had 6 spell levels left.
You didn't know any spells.
Your spell library contained the following spells:

 Spells                   Type           Power      Damage    Failure   Level
 Gell's Gravitas          Tloc           0%         N/A       100%        3
 Lesser Beckoning         Tloc           0%         N/A       100%        3
 Teleport Other           Tloc           0%         N/A       100%        3
 Conjure Ball Lightning   Conj/Air       0%         3x3d6     100%        6
 Malign Gateway           Summ/Tloc      0%         N/A       100%        7
 Discord                  Hex            0%         N/A       100%        8
 Disjunction              Tloc           0%         N/A       100%        8
 Summon Horrible Things   Summ           0%         N/A       100%        8


Dungeon Overview and Level Annotations

Branches:
Dungeon (5/15)
 Temple: D:4-7

Altars:
Fedhas
Qazlal


Innate Abilities, Weirdness & Mutations

You are immune to sickness and miasma.
Your stone body is resilient. (AC +4)
You are immune to poison.
You resist negative energy. (rN+)
You are resistant to electric shocks. (rElec)
You are resistant to unholy torment.
You are immune to petrification.


Message History

You hit the hound.
The hound is lightly wounded.
The hound bites you but does no damage. The hound barely misses you.
You barely miss the hound.
The hound is lightly wounded.
You block the hound's attack.
You hit the hound. Lightning courses through the hound!
The hound is almost dead.
The hound bites you but does no damage.
You whack the hound!
You kill the hound!
Your Armour skill increases to level 6!
No target in view!
No target in view!
You start resting.
HP restored.
You climb upwards.
The orc warrior hits you but does no damage.
There is a stone staircase leading down here.
The orc warrior barely misses you.
You closely miss the orc warrior. You block the orc warrior's attack.
You hit the orc warrior but do no damage.
You block the orc warrior's attack.
You barely miss the orc warrior. You hit the orc warrior.
The orc warrior is lightly wounded.
The orc warrior hits you with a +0 glaive!
You hit the orc warrior but do no damage.
The orc warrior is lightly wounded.
The orc warrior barely misses you.
You barely miss the orc warrior.
The orc warrior is lightly wounded.
You block the orc warrior's attack.
You barely miss the orc warrior.
The orc warrior hits you with a +0 glaive!!
You closely miss the orc warrior. You block the orc warrior's attack.
The orc warrior barely misses you.
There is a stone staircase leading down here.
The orc warrior hits you from afar with a +0 glaive!
You die...

#.# #..# #.# #..# #.# #..#
#.# #..#
#######.###########..#
#...§...........o.o..#
#.#####..####o#####.## #.#
#..####.####...######.. #.#
#......@...#........... #.#
##.####.##.#...#######. #<#
##...###.##^#...........
#.####.....##.##.#...########
#.)...........##[##.##
######.....#####.##.#
##...######.##.##########
##..............o.o.....
#######################


You could see an orc warrior.

Vanquished Creatures
  Pikel (D:4)
  A phantom (D:3)
  A water moccasin zombie (D:3)
  A hound (D:5)
  Crazy Yiuf (D:2)
  An orc wizard (D:4)
  4 gnolls
  6 adders
  2 worms (D:2)
  A dart slug (D:2)
  An orc (D:5)
  8 ball pythons
  9 bats
  6 endoplasms
  A giant cockroach (D:2)
  7 goblins
  6 hobgoblins
  8 kobolds
  A quokka (D:4)
  A frilled lizard (D:2)
  2 rats
69 creatures vanquished.

Vanquished Creatures (others)
  2 fungi (D:3)
  31 plants (D:3)
33 creatures vanquished.

Grand Total: 102 creatures vanquished

Notes
Turn   | Place    | Note
-------+----------+-------------------------------------------
     0 | D:1      | zeram the Gargoyle Fighter began the quest for the Orb.
     0 | D:1      | Reached XP level 1. HP: 14/14 MP: 1/1
   145 | D:1      | Reached XP level 2. HP: 18/19 MP: 2/2
   805 | D:2      | Reached XP level 3. HP: 24/24 MP: 3/3
  1345 | D:2      | Reached XP level 4. HP: 29/29 MP: 4/4
  1523 | D:2      | Found a runed translucent door.
  1524 | D:2      | Noticed Crazy Yiuf
  1532 | D:2      | Killed Crazy Yiuf
  1533 | D:2      | Reached skill level 4 in Armour
  1572 | D:3      | Found a stormy altar of Qazlal.
  1573 | D:3      | Found a blossoming altar of Fedhas.
  1592 | D:3      | Reached XP level 5. HP: 33/33 MP: 5/5
  2742 | D:4      | Noticed a phantom
  2772 | D:3      | Killed a phantom
  2773 | D:3      | Reached XP level 6. HP: 17/39 MP: 6/6
  3423 | D:4      | Noticed Pikel
  3478 | D:4      | Killed Pikel
  3479 | D:4      | Reached skill level 5 in Fighting
  3479 | D:4      | Reached skill level 5 in Maces & Flails
  3479 | D:4      | Reached skill level 5 in Armour
  3479 | D:4      | Reached XP level 7. HP: 41/44 MP: 7/7
  3594 | D:5      | Entered Level 5 of the Dungeon
  4020 | D:5      | Reached skill level 6 in Armour
  4092 | D:4      | Slain by an orc warrior

Illustrated notes

Levels and vault maps discovered:
D:1:      sevenhm_arrival_forest_fort_small_4, layout_rooms
D:2:      layout_rooms, uniq_crazy_yiuf_cottage
D:3:      kennysheep_big_flooded_room, layout_basic,
          grunt_temple_overflow_forces_of_nature, kennysheep_boxes
D:4:      layout_loops_ring, mainiacjoe_overflow_alcove_4,
          lemuel_temple_firewalk_b, uniq_pikel
D:5:      layout_rooms, mainiacjoe_overflow_alcove_1,
          mainiacjoe_overflow_tiny_flanked, lemuel_another_geyser

Skill      XL: |  1  2  3  4  5  6  7 |
---------------+----------------------+-----
Fighting       | 4 5 |  5.0
Maces & Flails | 3 4 5 |  5.6
Armour         | 4 5 6 |  6.0
Shields        | 4 |  4.3
Dodging        | |  0.9

Action                   |  1- 3 |  4- 6 |  7- 9 || total
-------------------------+-------+-------+-------++-------
Melee: Flail             |   114 |   162 |       ||   276
       Whip              |       |       |    43 ||    43
  Use: Potion            |       |     3 |       ||     3
       Scroll            |       |     4 |       ||     4
Armor: Scale mail        |    43 |       |       ||    43
       Plate armour      |    64 |   124 |    23 ||   211
Dodge: Dodged            |    65 |    51 |    15 ||   131
Block: Buckler           |    28 |    41 |    11 ||    80
